 Dungeon Crawl Stone Soup version 0.28.0-43-g3370ac3207 (webtiles) character file.

Game seed: 11934334889011101799

17913 vvl the Merchant of Misery (level 12, -6/95 HPs)
             Began as a Demonspawn Venom Mage on Mar 14, 2022.
             Was a Believer of Kikubaaqudgha.
             Mangled by a death drake (shapeshifter) (8 damage)
             ... on level 11 of the Dungeon.
             The game lasted 00:47:58 (15232 turns).

vvl the Merchant of Misery (Demonspawn Venom Mage) Turns: 15232, Time: 00:48:00

Health: -6/95      AC: 14    Str:  9    XL:     12   Next: 23%
Magic:  24/24      EV: 15    Int: 22    God:    Kikubaaqudgha [**....]
Gold:   175        SH:  5    Dex: 13    Spells: 3/28 levels left

rFire   . . .      SeeInvis .   n - +0 whip (elec)
rCold   . . .      Faith    .   (no shield)
rNeg    . . .      Spirit   .   g - +2 robe {Will+}
rPois   .          Reflect  +   N - +1 hat
rElec   .          Harm     .   z - +0 cloak
rCorr   .          Rampage  .   (no gloves)
Will    +....                   (no boots)
Stlth   ++........              v - amulet of reflection
HPRegen 0.25/turn               a - +4 ring of protection
MPRegen 0.38/turn               j - +4 ring of protection

@: lethally poisoned (-6 -> -26), slowed, very slow
A: horns 2, repulsion field 2, powered by death 1, augmentation 1, magic
regeneration
a: Renounce Religion, Receive Corpses


You were on level 11 of the Dungeon.
You worshipped Kikubaaqudgha.
Kikubaaqudgha was pleased with you.
You visited 2 branches of the dungeon, and saw 12 of its levels.

You collected 497 gold pieces.
You spent 322 gold pieces at shops.

Inventory:

Hand Weapons
 f - a +1 scythe of flaming
 m - a +0 broad axe
 n - a +0 whip of electrocution (weapon)
 y - a +3 quarterstaff of chaos
 H - a +2 dagger of venom
Armour
 g - a +2 robe of willpower (worn)
 o - a +1 leather armour of cold resistance
 z - a +0 cloak (worn)
 N - a +1 hat (worn)
Magical Staves
 D - a staff of cold
Jewellery
 a - a +4 ring of protection (left hand)
 e - an amulet of guardian spirit
 j - a +4 ring of protection (right hand)
 l - a +6 ring of dexterity
 v - an amulet of reflection (around neck)
 A - a ring of see invisible
 B - a ring of positive energy
Wands
 u - a wand of flame (33)
 P - a wand of digging (4)
Scrolls
 d - a scroll of summoning
 i - a scroll of blinking
 k - 2 scrolls of enchant armour
 p - a scroll of holy word
 r - 2 scrolls of teleportation
 x - a scroll of fear
 C - a scroll of magic mapping
 E - a scroll of vulnerability
 F - a scroll of torment
 I - 3 scrolls of amnesia
 O - 2 scrolls of enchant weapon
Potions
 b - 3 potions of cancellation
 c - a potion of berserk rage {unknown}
 h - 2 potions of attraction
 q - a potion of resistance
 s - a potion of might {unknown}
 t - 3 potions of heal wounds
 w - a potion of haste {unknown}
 G - 2 potions of ambrosia {unknown}
Miscellaneous
 M - a lightning rod (4/4)


   Skills:
 + Level 9.1 Fighting
 - Level 4.0 Armour
 - Level 2.0 Dodging
 - Level 2.0 Stealth
 + Level 8.7 Spellcasting
 - Level 5.0 Conjurations
 + Level 10.0 Necromancy
 + Level 6.2 Transmutations
 - Level 9.0 Poison Magic


You had 3 spell levels left.
You knew the following spells:

 Your Spells              Type           Power      Damage    Failure   Level
a - Sting                 Tmut/Pois      100%       1d8       1%          1
b - Olgreb's Toxic Radia  Pois           49%        N/A       1%          4
c - Mephitic Cloud        Conj/Pois/Air  30%        N/A       3%          3
d - Ignite Poison         Fire/Tmut/Pois 31%        N/A       2%          3
e - Dispel Undead         Necr           52%        3d19      1%          4
f - Agony                 Necr           52%        N/A       3%          5
g - Blade Hands           Tmut           18%        N/A       16%         5

Your spell library contained the following spells:

 Spells                   Type           Power      Damage    Failure   Level
 Animate Skeleton         Necr           100%       N/A       1%          1
 Pain                     Necr           100%       1d9       1%          1
 Corpse Rot               Necr/Air       62%        N/A       1%          2
 Poisonous Vapours        Pois/Air       58%        N/A       1%          2
 Vampiric Draining        Necr           52%        2d9       1%          3
 Conjure Flame            Conj/Fire      20%        6-21      8%          3
 Gell's Gravitas          Tloc           9%         N/A       21%         3
 Lesser Beckoning         Tloc           9%         N/A       21%         3
 Portal Projectile        Hex/Tloc       18%        N/A       21%         3
 Teleport Other           Tloc           9%         N/A       21%         3
 Excruciating Wounds      Necr           26%        N/A       3%          5
 Death Channel            Necr           26%        N/A       17%         6
 Sticky Flame             Conj/Fire      20%        2d4       24%         4


Dungeon Overview and Level Annotations

Branches:
Dungeon (11/15)            Temple (1/1) D:7            Lair (0/6) D:10
    Orc: D:9-12

Altars:
Ashenzari
Cheibriados
Dithmenos
Elyvilon
Fedhas
Gozag
Hepliaklqana
Kikubaaqudgha
Makhleb
Nemelex Xobeh
Okawaru
Qazlal
Ru
Sif Muna
Trog
Uskayaw
Vehumet
Wu Jian
Xom
Yredelemnul
Zin
The Shining One
Lugonu

Shops:
D:1 *   D:11 =


Innate Abilities, Weirdness & Mutations

You have a pair of horns on your head.
You are surrounded by a moderate repulsion field. (EV +3)
You regenerate a little health from kills.
Your magical and physical power is slightly enhanced at high health.
You regenerate magic rapidly.


Message History

You are too injured to fight recklessly!
You are too injured to fight recklessly!
Unknown command.
You feel better. You block the death drake's attack.
You completely miss the death drake.
The death drake is heavily wounded.
The death drake bites you but does no damage.
The death drake bites you.
You hit the death drake.
The death drake is severely wounded.
The death drake bites you but does no damage.
You hit the death drake.
The death drake is severely wounded.
The death drake breathes miasma at you. The foul vapour engulfs you!
You are poisoned.
You feel yourself slow down.
The death drake bites you but does no damage.
Unknown command.
You closely miss the death drake.
You headbutt the death drake, but do no damage.
The death drake is severely wounded.
You are engulfed in dark miasma.
You are lethally poisoned!
You feel as though you will be slow longer.
* * * LOW HITPOINT WARNING * * *
You feel extremely sick.
The death drake bites you but does no damage.
The death drake breathes miasma at you. The foul vapour engulfs you!
You are more poisoned.
* * * LOW HITPOINT WARNING * * *
You feel better.
You are engulfed in dark miasma.
You are lethally poisoned!
You feel as though you will be slow longer.
* * * LOW HITPOINT WARNING * * *
x2 You feel extremely sick.
The death drake bites you!
You die...
Kikubaaqudgha rasps: "You have failed me!
Welcome... death!"

.................#
....................
.....................
############..#######
#.############..#######
#...°°.................
#####°###..#..######..#
#°###..##.# #..#
##@#####.## #..# #k##
##.# #..# #° .# #..# #°
.######..# #°
.#........ ##
##........ ###.........
#...........
#...........


You could see a death drake shaped shifter (catching breath).

Vanquished Creatures
  Gastronok (D:10)
  Snorg (D:10)
  Harold (D:8)
  A hydra (D:11)
  An ogre mage (D:11)
  5 two-headed ogres
  Pikel (D:7)
  A deep elf pyromancer (D:10)
  A gargoyle (D:10)
  Maurice (D:8)
  An unseen horror (D:8)
  A komodo dragon (D:10)
  A troll (D:11)
  3 meliai (D:11)
  Sigmund (D:2)
  A shadow (D:11)
  A human (D:3)
  23 yaks
  A wyvern (D:7)
  A wraith (D:10)
  A steam dragon (D:8)
  Menkaure (D:6)
  4 water moccasins
  2 sky beasts (D:7)
  7 orc warriors
  2 ice beasts
  4 ogres
  3 necrophages
  A black bear (D:7)
  A centaur (D:10)
  A phantom (D:5)
  A kobold brigand (D:9)
  Blork the orc (D:4)
  2 bullfrogs (D:7)
  A wyvern zombie (D:6)
  7 scorpions
  A gnoll sergeant (D:9)
  3 wights (D:8)
  3 howler monkeys
  2 centaur zombies
  A jelly (D:6)
  2 hounds (D:5)
  7 orc priests
  Crazy Yiuf (D:4)
  4 centaur skeletons
  A human zombie (D:3)
  A bullfrog skeleton (D:5)
  An iguana (D:6)
  13 orc wizards
  A killer bee zombie (D:6)
  14 gnolls
  7 adders
  A shadow imp (D:7)
  2 worms (D:3)
  3 dart slugs
  31 orcs
  10 ball pythons
  11 endoplasms
  A giant cockroach (D:3)
  6 goblins
  4 hobgoblins
  5 jackals
  7 kobolds
  5 bats
  3 frilled lizards
  2 rats
  A spectral goblin (D:1)
241 creatures vanquished.

Vanquished Creatures (others)
  8 fungi (D:5)
8 creatures vanquished.

Grand Total: 249 creatures vanquished

Notes
Turn   | Place    | Note
-------+----------+-------------------------------------------
     0 | D:1      | vvl the Demonspawn Venom Mage began the quest for the Orb.
     0 | D:1      | Reached XP level 1. HP: 13/13 MP: 3/3
    68 | D:1      | Reached skill level 1 in Transmutations
   199 | D:1      | Found a faded altar of an unknown god.
   456 | D:1      | Gained mutation: You regenerate a little health from kills.
                  | [demonic ancestry]
   456 | D:1      | Reached XP level 2. HP: 6/19 MP: 1/5
  1060 | D:1      | Found Foiblit's Assorted Antiques.
  1677 | D:2      | Noticed Sigmund
  1700 | D:2      | Killed Sigmund
  1701 | D:2      | Reached skill level 1 in Fighting
  1701 | D:2      | Reached skill level 2 in Necromancy
  1701 | D:2      | Reached XP level 3. HP: 22/27 MP: 0/7
  1701 | D:2      | Gained mutation: You have a pair of small horns on your
                  | head. [demonic ancestry]
  1701 | D:2      | Reached XP level 4. HP: 27/33 MP: 0/8
  1701 | D:2      | Gained mutation: You are surrounded by a mild repulsion
                  | field. (EV +2) [demonic ancestry]
  1701 | D:2      | Reached XP level 5. HP: 31/38 MP: 0/9
  2651 | D:3      | Found a runed translucent door.
  2651 | D:3      | Noticed a human
  2670 | D:3      | Gained mutation: You regenerate magic rapidly. [demonic
                  | ancestry]
  2670 | D:3      | Reached XP level 6. HP: 29/44 MP: 10/10
  2778 | D:3      | You fall into a shaft and drop 3 floors!
  2792 | D:5      | Entered Level 5 of the Dungeon
  2792 | D:5      | Noticed a water moccasin
  2823 | D:3      | Found a basalt altar of Yredelemnul.
  2862 | D:3      | Killed a human
  2942 | D:3      | Found a bloodstained altar of Trog.
  2986 | D:3      | Reached skill level 3 in Necromancy
  3000 | D:3      | Found a stormy altar of Qazlal.
  3043 | D:3      | Learned a level 4 spell: Olgreb's Toxic Radiance
  3086 | D:3      | Found a hazy altar of Hepliaklqana.
  3150 | D:3      | Reached skill level 1 in Armour
  3165 | D:3      | Gained mutation: You have a pair of horns on your head.
                  | [demonic ancestry]
  3165 | D:3      | Reached XP level 7. HP: 51/51 MP: 1/12
  3462 | D:3      | Found a radiant altar of Vehumet.
  4782 | D:4      | Noticed Blork the orc
  4795 | D:4      | Killed Blork the orc
  5018 | D:4      | Found a runed translucent door.
  5019 | D:4      | Noticed Crazy Yiuf
  5138 | D:4      | Found a snail-covered altar of Cheibriados.
  5217 | D:4      | Killed Crazy Yiuf
  5382 | D:5      | Reached skill level 4 in Necromancy
  5382 | D:5      | Reached XP level 8. HP: 5/59 MP: 1/14
  5387 | D:5      | HP: 2/59 [poisoned by a water moccasin]
  5587 | D:5      | Found a hide-covered altar of Uskayaw.
  5590 | D:5      | Noticed a +0 hand axe
  5590 | D:5      | Noticed a +0 hand axe
  5619 | D:5      | Reached skill level 5 in Poison Magic
  6537 | D:6      | Reached skill level 5 in Necromancy
  6657 | D:6      | Noticed Menkaure
  7011 | D:6      | Reached XP level 9. HP: 52/66 MP: 8/16
  7205 | D:6      | Found an iron altar of Okawaru.
  7309 | D:6      | Found an opulent altar of Gozag.
  7309 | D:6      | Found a broken altar of Ashenzari.
  7316 | D:6      | Found an ornate altar of the Wu Jian Council.
  7319 | D:6      | Found a shadowy altar of Dithmenos.
  7445 | D:6      | Killed Menkaure
  7446 | D:6      | Reached skill level 5 in Spellcasting
  7944 | D:7      | Reached skill level 5 in Fighting
  8051 | D:7      | Found a staircase to the Ecumenical Temple.
  8054 | D:7      | Noticed Pikel
  8075 | D:7      | Killed Pikel
  8076 | D:7      | Reached skill level 6 in Necromancy
  8076 | D:7      | Reached skill level 5 in Transmutations
  8104 | Temple   | Entered the Ecumenical Temple
  8184 | Temple   | Became a worshipper of Kikubaaqudgha
  8689 | D:7      | Gained mutation: You are surrounded by a moderate repulsion
                  | field. (EV +3) [demonic ancestry]
  8689 | D:7      | Reached XP level 10. HP: 74/76 MP: 13/19
  8693 | D:7      | Learned a level 3 spell: Mephitic Cloud
  8697 | D:7      | Learned a level 3 spell: Ignite Poison
  8702 | D:7      | Learned a level 4 spell: Dispel Undead
  8708 | D:7      | Learned a level 5 spell: Agony
  9340 | D:8      | Noticed Maurice
  9346 | D:8      | Killed Maurice
  9464 | D:8      | Reached skill level 7 in Necromancy
  9720 | D:8      | Reached skill level 1 in Conjurations
  9725 | D:8      | Reached * piety under Kikubaaqudgha
  9725 | D:8      | Received a gift from Kikubaaqudgha
  9804 | D:8      | Noticed Harold
  9836 | D:8      | Killed Harold
 10871 | D:9      | Reached skill level 8 in Necromancy
 10971 | D:9      | Gained mutation: Your magical and physical power is
                  | slightly enhanced at high health. [demonic ancestry]
 10971 | D:9      | Reached XP level 11. HP: 68/84 MP: 5/21
 11417 | D:9      | Noticed a two-headed ogre
 11426 | D:9      | Killed a two-headed ogre
 11695 | D:9      | Found a burning altar of Makhleb.
 11858 | D:10     | Entered Level 10 of the Dungeon
 11859 | D:10     | Noticed a two-headed ogre
 11865 | D:10     | Killed a two-headed ogre
 11984 | D:10     | Noticed a deep elf pyromancer
 11985 | D:10     | Noticed a two-headed ogre
 11992 | D:10     | Killed a two-headed ogre
 11992 | D:10     | Killed a deep elf pyromancer
 12035 | D:10     | Noticed Gastronok
 12045 | D:10     | Killed Gastronok
 12148 | D:10     | Noticed Snorg
 12156 | D:10     | Killed Snorg
 12156 | D:10     | Reached ** piety under Kikubaaqudgha
 12193 | D:10     | Reached skill level 9 in Necromancy
 12383 | D:10     | Reached skill level 5 in Conjurations
 12672 | D:11     | Learned a level 5 spell: Blade Hands
 12861 | D:10     | Found a staircase to the Lair.
 13573 | D:1      | Bought a dented zirconium amulet for 85 gold pieces
 13573 | D:1      | Bought a scroll of amnesia for 59 gold pieces
 13573 | D:1      | Bought a scroll of enchant weapon for 127 gold pieces
 13573 | D:1      | Bought a potion of curing for 51 gold pieces
 13877 | D:11     | Noticed a two-headed ogre
 13877 | D:11     | Found Canouj's Jewellery Shop.
 13880 | D:11     | Noticed a two-headed ogre
 13886 | D:11     | Killed a two-headed ogre
 13886 | D:11     | Killed a two-headed ogre
 13895 | D:11     | Noticed an ogre mage
 14425 | D:11     | Reached XP level 12. HP: 64/94 MP: 20/24
 14510 | D:11     | Identified the +1 ring mail of Lumailicwa {rPois rC+ Str+2
                  | Slay+6}
 14582 | D:11     | Killed an ogre mage
 14843 | D:11     | Noticed a five-headed hydra
 14860 | D:11     | Killed a five-headed hydra
 14861 | D:11     | Reached skill level 10 in Necromancy
 15232 | D:11     | HP: 2/95 [poisoned by a death drake (dark miasma)]
 15232 | D:11     | Mangled by a death drake (shapeshifter)

Illustrated notes

Levels and vault maps discovered:
D:1:      onia_arrival_mini_spirals, layout_loops_ring,
          dreamdust_ecumenical_altar_drowned_temple, serial_shops,
          nicolae_shop_crystal, serial_bayou, serial_bayou_shore_b,
          serial_bayou_lagoon_b, serial_bayou_pond_c, serial_bayou_pond_d
D:2:      layout_loops_ring, uniq_sigmund
D:3:      layout_basic, dk_yredelemnul_ordeal, trog_book,
          mainiacjoe_overflow_cross_hatched, mainiacjoe_overflow_boulevard,
          nicolae_overflow_crystal_walls, mainiacjoe_overflow_small_starburst,
          fiery_altar_vehumet
D:4:      layout_cave_pools, chei_slow_surprise, uniq_blork_the_orc,
          uniq_crazy_yiuf_cottage
D:5:      layout_basic, dancing_weapons_uskayaw, serial_aquarium,
          aquarium_bridge_straight [aquarium_subvault_bridge,
          aquarium_subvault_balcony, aquarium_subvault_bridge,
          aquarium_subvault_wall], aquarium_bridge_square
          [aquarium_subvault_bridge, aquarium_subvault_bridge,
          aquarium_subvault_window, aquarium_subvault_window],
          aquarium_window_1, aquarium_window_1, aquarium_view_2g,
          aquarium_view_2c, aquarium_pool_double, minmay_misc_feat_alley,
          kennysheep_boxes
D:6:      layout_cave_pools, mainiacjoe_overflow_alcove_2,
          minmay_overflow_temple_star_hex, uniq_menkaure
D:7:      layout_basic, temple_pool_b, uniq_pikel
D:8:      layout_basic, minmay_fountain_box, uniq_harold, uniq_maurice
D:9:      layout_irregular_city, kennysheep_little_box
D:10:     layout_loops_cross, lair_entry_dummy, uniq_snorg, uniq_gastronok
D:11:     minmay_mutant_horseshoe, layout_long_grid, serial_shops, shop
Temple:   corrupted_temple

Skill      XL: |  1  2  3  4  5  6  7  8  9 10 11 12 |
---------------+-------------------------------------+-----
Transmutations | 1 2 3 4 5 6 |  6.2
Stealth        | 2 |  2.0
Dodging        | 2 |  2.0
Fighting       | 1 2 3 4 6 7 8 9 |  9.1
Necromancy     | 2 3 4 5 6 8 9 10 | 10.0
Spellcasting   | 3 4 6 7 8 |  8.7
Poison Magic   | 4 5 6 8 9 |  9.0
Armour         | 1 2 3 4 |  4.0
Conjurations   | 3 5 |  5.0

Action                   |  1- 3 |  4- 6 |  7- 9 | 10-12 || total
-------------------------+-------+-------+-------+-------++-------
Melee: Unarmed           |    55 |       |       |     4 ||    59
       Punch             |     2 |       |       |       ||     2
       Hand axe          |     2 |       |       |       ||     2
       Scythe            |       |    46 |   201 |    75 ||   322
       Headbutt          |       |     2 |    34 |    26 ||    62
       Quarterstaff      |       |       |       |    16 ||    16
       Whip              |       |       |       |    15 ||    15
 Cast: Sting             |    35 |    63 |   199 |   141 ||   438
       Olgreb's Toxic Ra |       |     1 |     5 |    19 ||    25
       Ignite Poison     |       |       |       |    16 ||    16
       Dispel Undead     |       |       |       |     7 ||     7
       Mephitic Cloud    |       |       |       |     1 ||     1
       Blade Hands       |       |       |       |     1 ||     1
       Agony             |       |       |       |     3 ||     3
Evoke: Wand              |       |       |       |     2 ||     2
  Use: Scroll            |       |       |    10 |     7 ||    17
       Potion            |       |       |     5 |     2 ||     7
 Stab: Sleeping          |       |     4 |     4 |       ||     8
       Distracted        |       |       |     1 |       ||     1
Armor: Robe              |    14 |    29 |   190 |   112 ||   345
Dodge: Dodged            |    35 |    55 |   348 |   172 ||   610
Block: Other             |       |       |       |    11 ||    11
